 Dungeon Crawl Stone Soup version 0.30-a0-614-ge5ea1257c2 (console) character file.

Game seed: 10270759187708484643

2 Ignak the Sneak (level 1, 0/11 HPs)
             Began as an Octopode Enchanter on Jan 9, 2023.
             Slain by a rat (2 damage)
             ... on level 1 of the Dungeon.
             The game lasted 00:00:41 (54 turns).

Ignak the Sneak (Octopode Enchanter)                  Turns: 54, Time: 00:00:42

Health: 0/11       AC:  1    Str:  7    XL:     1   Next: 30%
Magic:  3/3        EV: 13    Int: 17    God:
Gold:   0          SH:  0    Dex: 12    Spells: 4/4 levels left

rFire   . . .      SeeInvis .    a - +1 dagger
rCold   . . .      Faith    .    (no shield)
rNeg    . . .      Spirit   .    (helmet restricted)
rPois   .          Reflect  .    (no amulet)
rElec   .          Harm     .    (no ring)
rCorr   .          Rampage  .    (no ring)
Will    .....                    (no ring)
Stlth   +++                      (no ring)
HPRegen 0.21/turn                (no ring)
MPRegen 0.08/turn                (no ring)
                                 (no ring)
                                 (no ring)

@: no status effects
A: almost no armour, amphibious, 8 rings, camouflage 1, gelatinous body 1,
(nimble swimmer 1), tentacles
a: no special abilities


You were on level 1 of the Dungeon.
You visited 1 branch of the dungeon, and saw 1 of its levels.

Inventory:

Hand Weapons
 a - a +1 dagger (weapon)
Scrolls
 c - a scroll of poison {unknown}
 d - a scroll of identify {unknown}
Potions
 b - 2 potions of invisibility


   Skills:
 + Level 0.0 Fighting
 + Level 1.0 Short Blades
 * Level 2.0 Dodging
 * Level 4.0 Stealth
 + Level 0.0 Unarmed Combat
 + Level 2.0 Spellcasting
 + Level 3.0 Hexes


You had 4 spell levels left.
You didn't know any spells.
Your spell library contained the following spells:

 Spells                   Type           Power      Damage    Failure   Level
 Ensorcelled Hibernation  Hex/Ice        12%        N/A       16%         2
 Confusing Touch          Hex            12%        N/A       17%         3
 Tukima's Dance           Hex            12%        N/A       17%         3
 Dazzling Flash           Conj/Hex       12%        N/A       30%         3


Dungeon Overview and Level Annotations

Branches:
Dungeon (1/15)

Altars:


Innate Abilities, Weirdness & Mutations

You cannot wear most types of armour.
You are amphibious.
You can wear up to eight rings at the same time.
Your skin changes colour to match your surroundings (Stealth+).
Your rubbery body absorbs attacks. (AC +1, EV +1)
((You are camouflaged when in or above water. (Stealth+)))
You have tentacles for arms and can constrict up to eight enemies at once.


Message History

You kill the ball python!
c - a scroll labelled NAJOD TYERIR
d - a scroll labelled ZOQOCKY LIJUI You see here a ball python corpse.
A jackal comes into view.
A jackal is nearby!
A jackal comes into view.
The jackal barks! x2
The jackal closely misses you.
The jackal bites you but does no damage.
A rat comes into view.
You closely miss the jackal. You grab the jackal. You constrict the jackal.
The jackal barely misses you.
You hit the jackal.
The jackal is severely wounded.
You constrict the jackal, but do no damage.
The jackal bites you.
You hit the jackal.
The jackal is almost dead.
You constrict the jackal, but do no damage.
The jackal struggles to escape constriction.
The jackal closely misses you.
You hit the jackal but do no damage.
The jackal is heavily wounded.
You constrict the jackal, but do no damage.
The jackal escapes!
The jackal attacks as you move away! The jackal barely misses you.
You hit the jackal but do no damage. Your grab misses the jackal.
The jackal is moderately wounded.
The jackal barely misses you.
The jackal bites you. x2; The jackal misses you.
The rat attacks as you move away! The rat bites you. The jackal bites you.
* * * LOW HITPOINT WARNING * * *
You hit the jackal. Your grab misses the jackal.
The jackal is severely wounded.
The jackal barely misses you. The rat misses you.
You completely miss the jackal. You grab the jackal.
The jackal is heavily wounded.
You constrict the jackal, but do no damage.
The jackal barely misses you. The rat bites you.
You die...

#....# #....# ###
#....# ..
#....###.#
#....##..
+.....#.#####
#.....#.#h@.#
#.......#r#h###.#
#.....#.........#
#....†#.#.#......
##.###.#.#.######..
#..###.#.#.## .
+...........#
######.###......
####.# #......


You could see 2 jackals and a rat.

Vanquished Creatures
  A hobgoblin (D:1)
  A ball python (D:1)
2 creatures vanquished.

Notes
Turn   | Place    | Note
-------+----------+-------------------------------------------
     0 | D:1      | Ignak the Octopode Enchanter began the quest for the Orb.
     0 | D:1      | Reached XP level 1. HP: 11/11 MP: 3/3
    54 | D:1      | Slain by a rat

Illustrated notes

Levels and vault maps discovered:
D:1:      mainiacjoe_arrival_reflecting_pool, layout_basic

Action                   || total
-------------------------++-------
Melee: Dagger            ||     9
       Constrict         ||     2
 Stab: Sleeping          ||     2
Armor: Skin              ||     1
Dodge: Dodged            ||     9

Table legend: (Time is in decaauts)
 A = Elapsed time spent in this place.
 B = Non-inter-level travel time spent in this place.
 C = Inter-level travel time spent in this place.
 D = Time resting spent in this place.
 E = Time spent auto-exploring this place.
 F = Levels seen in this place.
 G = Mean time per level.
                   A        B        C        D        E       F      G
               +--------+--------+--------+--------+--------+-----+--------+
         Total |     53 |     53 |      0 |      0 |      0 |   1 |   53.0 |
       Dungeon |     53 |     53 |      0 |      0 |      0 |   1 |   53.0 |
               +--------+--------+--------+--------+--------+-----+--------+

Top non-repeatable levels by time:
     D:1: 53 daAuts
